 Dungeon Crawl Stone Soup version 0.16-a0-3946-g4f19e5c (webtiles) character file.

63 Ololoev the Poker (level 3, 0/27 HPs)
             Began as a Mummy Skald on Feb 9, 2015.
             Slain by a goblin (4 damage)
             ... led by Robin
             ... on level 2 of the Dungeon.
             The game lasted 00:05:03 (1758 turns).

Ololoev the Poker (Mummy Skald)                     Turns: 1758, Time: 00:05:03

Health: 0/27       AC:  3    Str: 15    XL:     3   Next: 89%
Magic:  0/6        EV: 11    Int: 12    God:
Gold:   106        SH:  0    Dex: 11    Spells: 2 memorised, 3 levels left

rFire  . . .     SeeInvis .     a - +0 spear
rCold  + . .     Clarity  .     b - +0 leather armour
rNeg   + + +     SustAb   .     (no shield)
rPois  ∞         Gourm    .     (no helmet)
rElec  .         Spirit   .     (no cloak)
rCorr  .         Warding  .     (no gloves)
rMut   .         Stasis   .     (no boots)
MR     .....                    (no amulet)
Stlth  +.........               (no ring)
                                d - ring of protection from fire

@: singing, very slightly contaminated, not resistant to hostile enchantments,
very unstealthy
A: no food or potions, fire vulnerability, restore body, cold resistance 1,
negative energy resistance 3, poison resistance, torment resistance, unbreathing
a: Stop Singing


You were on level 2 of the Dungeon.
You were not hungry.

You visited 1 branch of the dungeon, and saw 3 of its levels.

You collected 106 gold pieces.

Notes
Turn   | Place    | Note
--------------------------------------------------------------
     0 | D:1      | Ololoev, the Mummy Skald, began the quest for the Orb.
     0 | D:1      | Reached XP level 1. HP: 16/16 MP: 3/3
   283 | D:1      | Reached XP level 2. HP: 19/22 MP: 4/4
   368 | D:1      | Learned a level 2 spell: Song of Slaying
  1093 | D:2      | Reached XP level 3. HP: 25/27 MP: 6/6
  1411 | D:2      | Reached skill level 3 in Polearms
  1471 | D:2      | Found a shadowy altar of Dithmenos.
  1722 | D:2      | HP: 1/27 [kobold (1)]
  1758 | D:2      | Slain by a goblin

Inventory:

Hand weapons
 a - a +0 spear (weapon)
Missiles
 e - a throwing net (quivered)
Armour
 b - a +0 leather armour (worn)
Jewellery
 d - a ring of protection from fire (left hand)
Magical devices
 i - a wand of polymorph (10)
Scrolls
 f - 2 scrolls of remove curse {unknown}
 g - 7 scrolls of identify {unknown}
 h - 2 scrolls of teleportation {unknown}
 j - a scroll of magic mapping {unknown}
Books
 c - a book of Battle

   Spells                             Type                      Level
   a - Infusion                       Charms                       1
   b - Shroud of Golubria             Charms/Translocation         2
   c - Song of Slaying                Charms                       2
   d - Spectral Weapon                Hexes/Charms                 3
   e - Regeneration                   Charms/Necromancy            3

Table legend:
 A = Turns spent in this place as a percentage of turns spent in the entire game.
 B = Non-inter-level travel turns spent in this place as a percentage of non-inter-level travel turns spent in the entire game.
 C = Inter-level travel turns spent in this place as a percentage of turns spent in this place.
 D = Turns resting spent in this place as a percentage of non-inter-level travel turns spent in this place.
 E = Turns spent auto-exploring this place as a percentage of non-inter-level travel turns spent in this place.
 F = Non-inter-level travel turns spent in this place divided by the number of levels of this place that you've seen.
                   A       B       C       D       E      F
               +-------+-------+-------+-------+-------+----------------------
         Total | 100.0 | 100.0 |   0.3 |   2.2 |   7.1 | 198.0
       Dungeon | 100.0 | 100.0 |   0.3 |   2.2 |   7.1 | 198.0
               +-------+-------+-------+-------+-------+----------------------


   Skills:
 - Level 2.0 Fighting
 * Level 3.0 Polearms
 - Level 0.7 Armour
 - Level 0.7 Dodging
 - Level 2.0 Spellcasting
 + Level 2.9 Charms


You had 3 spell levels left.
You knew the following spells:

 Your Spells              Type           Power        Failure   Level  Hunger
a - Infusion              Chrm           #.....       12%         1    N/A
b - Song of Slaying       Chrm           #.......     17%         2    N/A

Dungeon Overview and Level Annotations

Branches:
Dungeon (3/15)

Altars:
Dithmenos


Innate Abilities, Weirdness & Mutations

You do not eat or drink.
Your flesh is vulnerable to fire.
Your flesh is cold resistant.
You are immune to negative energy.
Your system is resistant to poisons.
You are immune to unholy pain and torment.
You can survive without breathing.


Message History

You hit the kobold.
The kobold is almost dead.
The goblin hits you. The kobold closely misses you. The goblin hits you.
You hit the kobold but do no damage.
The kobold is almost dead.
The goblin hits you but does no damage. The kobold hits you.
The goblin hits you.
You completely miss the kobold.
The kobold is almost dead.
The goblin barely misses you. The kobold hits you.
The goblin barely misses you.
Your song is almost over.
The goblin wields a hunting sling.
The goblin shoots a stone.
The stone barely misses you.
Your magical contamination has completely faded away.
The goblin shoots a stone.
The stone barely misses you.
The goblin shoots a stone.
The stone barely misses you. The kobold hits you but does no damage.
You see here a stone.
Your song has ended.
There is a stone staircase leading down here.
Casting: Song of Slaying
Confirm with . or Enter, or press ? or * to list all spells.
You miscast Song of Slaying.
You are very lightly contaminated with residual magic.
Nothing appears to happen.
You hit the kobold.
You kill the kobold!
Casting: Song of Slaying
Confirm with . or Enter, or press ? or * to list all spells.
You miscast Song of Slaying.
Your hands glow momentarily.
The goblin barely misses you.
Casting: Song of Slaying
Confirm with . or Enter, or press ? or * to list all spells.
You start singing a song of slaying.
The goblin closely misses you.
You closely miss the goblin. The goblin closely misses you.
You hit the goblin.
The goblin is severely wounded.
The goblin hits you.
You die...

#.........g.....!....
#....................
#..........###.##....
#...........##.##....
#.........#..#>##....
##.......###>#.##....
##......# #.........
##.###.# ##.....)..
#@# #.###....#.#..
#g# #..#..#....#..
#.# ##...##....###
#.# ##........## #
#g###....##...####
##.##g.##.##>......
##..##..##..#..#####
#......####.#..#####
##..#######.....#...


You could see 2 goblins.

Table legend:
 A = Kills in this place as a percentage of kills in entire the game.
 B = Kills by you in this place as a percentage of kills by you in the entire game.
 C = Kills by friends in this place as a percentage of kills by friends in the entire game.
 D = Other kills in this place as a percentage of other kills in the entire game.
 E = Experience gained in this place as a percentage of experience gained in the entire game.
 F = Experience gained in this place divided by the number of levels of this place that you have seen.
                   A       B       C       D       E      F
               +-------+-------+-------+-------+-------+----------------------
         Total | 100.0 | 100.0 |  -nan |  -nan | 100.0 |  30.3
       Dungeon | 100.0 | 100.0 |  -nan |  -nan | 100.0 |  30.3
               +-------+-------+-------+-------+-------+----------------------

Vanquished Creatures
  An adder (D:2)
  4 worms
  A ball python (D:3)
  6 bats
  3 giant cockroaches
  2 hobgoblins
  2 giant newts (D:2)
  6 goblins
  3 kobolds
  6 rats
34 creatures vanquished.

Action                   || total
-------------------------++-------
Melee: Spear             ||   167
 Cast: Song of Slaying   ||     4
       Infusion          ||     2
 Stab: Distracted        ||     1

Vault maps used:
D:1:      roderic_crossed_star
D:2:      first_bread, grunt_dithmenos_smoke_and_mirrors
D:3:      tso_metal_star, uniq_natasha, uniq_robin
